AoeStats
← thinker

Arena

505166760Analyzed
2v2 RM · 24d ago on Sep 8, 2026· 46m 5s· 4 players
Game mode
Random Map
Map size
Medium (4 player)
Population
200
Speed
Normal
Resources
Standard
Victory
Conquest
Starting age
Dark Age
Ending age
Imperial Age
RankedLock teamsTeams togetherTeam positionsShared explorationLock speedFull tech treeHidden civsTurbo modeCheats
Victory
Defeat
🇵🇪 Bohemians · Peru
991
+15
🇨🇴 Britons · Colombia
950
+17
🇨🇳 Turks · China
1031
-18
🇨🇳 Khmer · China
917
-14
Woz
7:45 Loom
10:24 Feudal Age
15:04 Castle Age
14:08 Double-Bit Axe
15:51 Fletching
16:01 Town Watch
21:49 Wagenburg Tactics
23:32 Bow Saw
24:19 Horse Collar
25:49 Bodkin Arrow
26:34 Wheelbarrow
27:26 Town Patrol
31:53 Pikeman
32:37 Arson
32:52 Squires
32:58 Scale Mail Armor
33:08 Forging
33:17 Hand Cart
34:07 Chain Mail Armor
39:46 Imperial Age
39:18 Iron Casting
39:48 Chemistry
40:01 Ballistics
ginei
10:56 Feudal Age
15:47 Castle Age
14:39 Stone Mining
15:03 Double-Bit Axe
15:40 Loom
15:47 Horse Collar
18:18 Wheelbarrow
19:47 Fletching
21:30 Town Watch
23:02 Gold Mining
27:03 Heavy Plow
27:37 Bodkin Arrow
29:06 Hand Cart
30:30 Pikeman
31:49 Gold Shaft Mining
34:11 Imperial Age
34:57 Bracer
35:04 Padded Archer Armor
35:28 Conscription
34:46 Halberdier
36:04 Squires
35:39 Capped Ram
36:43 Scale Barding Armor
36:53 Leather Archer Armor
36:39 Scale Mail Armor
36:50 Forging
36:43 Caravan
38:28 Ballistics
39:09 Chemistry
38:35 Elite Longbowman
40:28 Ring Archer Armor
40:15 Chain Mail Armor
40:35 Iron Casting
40:42 Bow Saw
40:16 Treadmill Crane
43:23 Yeomen
44:05 Plate Mail Armor
44:36 Blast Furnace
45:32 Chain Barding Armor
45:11 Murder Holes
45:26 Fortified Wall
45:27 Masonry
45:39 Warwolf
46:19 Hoardings
thinker
0:57 Loom
10:48 Feudal Age
16:43 Castle Age
14:56 Double-Bit Axe
15:11 Horse Collar
18:00 Bow Saw
18:09 Heavy Plow
24:42 Stone Mining
26:22 Gold Mining
27:12 Husbandry
27:32 Padded Archer Armor
27:23 Fletching
27:45 Bloodlines
28:57 Wheelbarrow
30:06 Hand Cart
30:47 Stone Shaft Mining
31:09 Tusk Swords
33:58 Imperial Age
33:28 Bodkin Arrow
37:49 Ballistics
38:29 Chemistry
39:37 Gold Shaft Mining
41:06 Elite Skirmisher
41:57 Elite Skirmisher
女生言午
5:11 Loom
11:40 Feudal Age
14:52 Double-Bit Axe
15:14 Horse Collar
17:36 Castle Age
19:05 Heavy Plow
19:53 Bloodlines
19:43 Husbandry
26:12 Forging
27:58 Iron Casting
28:17 Wheelbarrow
29:25 Hand Cart
33:03 Gold Mining
33:28 Stone Mining
34:57 Bow Saw
39:29 Imperial Age
38:27 Gold Shaft Mining
39:37 Ballistics
45:41 Artillery
Connection lost

Rejoining the realm…

Still unreachable

The connection could not be restored.

Session expired

The server has moved on; the page needs a fresh start.